 Dungeon Crawl Stone Soup version 0.27.1-33-g824d729ab1 (webtiles) character file.

Game seed: 12895341705694162288

123 zeram the Covert (level 5, -2/34 HPs)
             Began as an Octopode Brigand on Dec 25, 2021.
             Killed by divine providence
             ... invoked by an orc priest
              (10 damage)
             ... on level 4 of the Dungeon.
             The game lasted 00:03:55 (3153 turns).

zeram the Covert (Octopode Brigand)                 Turns: 3153, Time: 00:03:56

Health: -2/34      AC:  1    Str:  8 (10) XL:     5   Next: 7%
Magic:  5/5        EV: 16    Int: 14      God:
Gold:   187        SH:  0    Dex: 14      Spells: 4/4 levels left

rFire    + + .     SeeInvis .   a - +2 dagger
rCold    + . .     Faith    .   (no shield)
rNeg     . . .     Spirit   .   (helmet restricted)
rPois    +         Reflect  .   (no amulet)
rElec    +         Harm     .   e - ring of poison resistance
rCorr    +         Rampage  .   g - +4 ring of evasion
Will     .....                  l - ring of protection from fire
Stlth    +++.......             (no ring)
HPRegen  0.11/turn              (no ring)
MPRegen  0.09/turn              (no ring)
                                (no ring)
                                (no ring)

@: confused, resistant, hasted, very quick
A: almost no armour, amphibious, 8 rings, camouflage 1, gelatinous body 1,
(nimble swimmer 1), tentacles
a: no special abilities


You were on level 4 of the Dungeon.
You visited 1 branch of the dungeon, and saw 4 of its levels.

You collected 187 gold pieces.

Inventory:

Hand Weapons
 a - a +2 dagger (weapon)
Missiles
 b - 8 poisoned darts (quivered)
 c - 2 curare-tipped darts
Jewellery
 e - a ring of poison resistance (left tentacle)
 g - a +4 ring of evasion (right tentacle)
 l - a ring of protection from fire (on tentacle)
Wands
 o - a wand of flame (27)
Scrolls
 f - a scroll of fog
 k - a scroll of magic mapping {unknown}
 m - 2 scrolls of fear
 p - a scroll of identify
Potions
 d - 2 potions of cancellation
 i - a potion of magic
 j - a potion of might {unknown}
 n - a potion of resistance


   Skills:
 - Level 2.0 Fighting
 - Level 2.0 Short Blades
 - Level 2.0 Throwing
 - Level 1.0 Dodging
 + Level 8.6 Stealth


You had 4 spell levels left.
You didn't know any spells.
Your spell library contained the following spells:

 Spells                   Type           Power      Damage    Failure   Level
 Blade Hands              Tmut           0%         N/A       100%        5
 Irradiate                Conj/Tmut      0%         3d14      100%        5
 Dragon Form              Tmut           0%         N/A       100%        7


Dungeon Overview and Level Annotations

Branches:
Dungeon (4/15)
 Temple: D:4-7

Altars:

Shops:
D:3 (   D:4 [


Innate Abilities, Weirdness & Mutations

You cannot wear most types of armour.
You are amphibious.
You can wear up to eight rings at the same time.
Your skin changes colour to match your surroundings (Stealth+).
Your rubbery body absorbs attacks. (AC +1, EV +1)
((You are camouflaged near water. (Stealth+)))
You have tentacles for arms and can constrict up to eight enemies at once.


Message History

You kill the orc!
No target in view!
Okay, then.
As you read the scroll labelled OCHAWO HUSCHA, it crumbles to dust.
It is a scroll of enchant armour.
You aren't carrying any armour which can be enchanted further.
Things that are here:
a +0 flail; a +0 ring mail; an orc corpse
k - a scroll labelled LYTOW UBLOHE
p - a scroll of identify
Found a rapier.
An orc and an orc priest come into view.
The orc shouts!
The orc priest shouts!
There are monsters nearby!
There are monsters nearby!
There are monsters nearby!
An orc wizard comes into view. It is wielding a +0 dagger.
The orc wizard mumbles some strange words.
The orc wizard flickers and vanishes!
Deactivating autopickup; reactivate with Ctrl-A.
You feel yourself speed up.
You closely miss the orc priest. Your grab misses the orc priest.
The orc priest closely misses you.
You are confused.
Unknown command.
You completely miss the orc priest. The orc misses you.
The orc priest hits you with a +0 hand axe!
The orc priest mumbles some strange prayers to Beogh against you.
Beogh smites you!
You are more confused.
The orc priest calls down the wrath of Beogh upon you.
You barely resist.
Found a potion of degeneration.
The orc hits you with a +0 hand axe!
* * * LOW HITPOINT WARNING * * *
It was a potion of resistance.
You feel protected.
You barely miss the orc priest. The orc completely misses you.
The orc priest calls down the wrath of Beogh upon you.
Beogh smites you!
You die...

...#...........# #
................##
!.#..............##
#................##
#............###..#
##...........##
##.# #...........##
#.# #...)..oo..##
#.# #......@..##
#.# ..........# ###
###########


You could see an orc priest and an orc.

Vanquished Creatures
  6 adders
  2 orcs
  3 endoplasms
  2 giant cockroaches
  6 goblins
  7 hobgoblins
  9 kobolds
  6 quokkas
  6 ball pythons
  9 bats
  2 frilled lizards
  8 rats
66 creatures vanquished.

Notes
Turn   | Place    | Note
-------+----------+-------------------------------------------
     0 | D:1      | zeram the Octopode Brigand began the quest for the Orb.
     0 | D:1      | Reached XP level 1. HP: 14/14 MP: 1/1
   469 | D:1      | Reached XP level 2. HP: 19/19 MP: 2/2
   472 | D:1      | Found a faded altar of an unknown god.
   480 | D:1      | Reached skill level 6 in Stealth
  1051 | D:1      | Reached XP level 3. HP: 24/24 MP: 3/3
  1273 | D:2      | Reached skill level 7 in Stealth
  1444 | D:2      | Reached XP level 4. HP: 29/29 MP: 4/4
  2679 | D:3      | Reached skill level 8 in Stealth
  2847 | D:3      | Found Xyzxevil's Weapon Boutique.
  3010 | D:4      | Reached XP level 5. HP: 34/34 MP: 5/5
  3041 | D:4      | Found Etadepif's Armour Shop.
  3153 | D:4      | Killed from afar by an orc priest

Illustrated notes

Levels and vault maps discovered:
D:1:      dpeg_arrival_water_fire, layout_basic, ebering_ecumenical_altar_rust,
          minmay_cut_off
D:2:      minmay_angry_zag, layout_basic, hangedman_decor_diamond_cutter
D:3:      layout_basic, serial_shops,
          nicolae_shop_temple_entry_statues_fountains
D:4:      layout_layer_cave, serial_shops, shop, uniq_grinder

Skill      XL: |  1  2  3  4 |
---------------+-------------+-----
Stealth        | 6 7 8 |  8.6
Fighting       | |  2.0
Short Blades   | |  2.0
Throwing       | |  2.0
Dodging        | |  1.0

Action                   |  1- 3 |  4- 6 || total
-------------------------+-------+-------++-------
Melee: Dagger            |    57 |    58 ||   115
       Tentacles         |     6 |     7 ||    13
       Constrict         |     7 |    10 ||    17
  Use: Potion            |     1 |     2 ||     3
       Scroll            |     1 |     5 ||     6
 Stab: Sleeping          |    23 |    13 ||    36
Armor: Skin              |     5 |     2 ||     7
Dodge: Dodged            |    34 |    33 ||    67
